 Dungeon Crawl Stone Soup version 0.30.1-11-g7821555f0a (webtiles) character file.

Game seed: 7261265634399100917

4178 Pooter the Cleaver (level 10, -1/90 HPs)
             Began as a Minotaur Berserker on Nov 16, 2023.
             Was an Elder of Trog.
             Killed from afar by a wretched star (23 damage)
             ... with a lance of force
             ... on level 1 of the Abyss.
             The game lasted 00:37:53 (8721 turns).

Pooter the Cleaver (Minotaur Berserker)             Turns: 8721, Time: 00:37:54

Health: -1/90      AC: 12    Str: 26    XL:     10   Next: 8%
Magic:  7/9        EV: 27    Int:  4    God:    Trog [****..]
Gold:   211        SH:  0    Dex: 14    Spells: 9/9 levels left

rFire   . . .        a - +2 executioner's axe of the Painted God {freeze, Dex+4}
rCold   . . .        (shield currently unavailable)
rNeg    . . .        y - +0 plate armour
rPois   +            (helmet restricted)
rElec   .            w - +0 cloak {rCorr}
rCorr   +            (no gloves)
SInv    .            (no boots)
Will    .....        p - amulet of the acrobat Stlth
                     P - ring of poison resistance
HPRegen 0.35/turn    c - +5 ring of evasion
MPRegen 0.11/turn

%: acrobat
@: acrobatic
A: horns 2, retaliatory headbutt, ([teleportitis 2])
a: Renounce Religion, Berserk, Trog's Hand, Brothers in Arms


You were on level 1 of the Abyss.
You worshipped Trog.
Trog was greatly pleased with you.
You visited 1 branch of the dungeon, and saw 9 of its levels.
You visited the Abyss 1 time.
You also visited: Ossuary.

You collected 462 gold pieces.
You spent 251 gold pieces at shops.

Inventory:

Hand Weapons
 a - the +2 executioner's axe of the Painted God (weapon) {freeze, Dex+4}
   (You acquired it on level 6 of the Dungeon)

   Dex:       It affects your dexterity (+4).
 b - the +10 sling of Ascent {drain, Will+ Str+3 Dex+2}
   (You bought it in a shop on level 5 of the Dungeon)

   Str:       It affects your strength (+3).
   Dex:       It affects your dexterity (+2).
   Will:      It increases your willpower.
 m - a +4 quarterstaff of chaos
   (You took it off Crazy Yiuf on level 3 of the Dungeon)
 H - a +1 battleaxe
   (You took it off a wight on level 6 of the Dungeon)
 I - a +4 trident
   (You took it off a wight on level 6 of the Dungeon)
 J - a +2 dire flail of protection
   (You took it off an orc warrior on level 7 of the Dungeon)
 M - a +0 war axe
   (You took it off an orc priest on level 4 of the Dungeon)
 N - a +5 halberd
   (You took it off a wight on level 7 of the Dungeon)
Missiles
 e - 2 poisoned darts
 l - 2 throwing nets {!f}
 q - 5 boomerangs (quivered)
 G - 5 atropa-tipped darts
 Q - 40 stones
Armour
 o - a +0 buckler
   (You found it on level 2 of the Dungeon)
 w - a +0 cloak of preservation (worn)
   (You took it off Crazy Yiuf on level 3 of the Dungeon)
 y - a +0 plate armour (worn)
   (You took it off a goblin on level 2 of the Dungeon)
Jewellery
 c - a +5 ring of evasion (right hand)
   (You found it on level 5 of the Dungeon)
 p - an amulet of the acrobat (around neck)
   (You found it on level 1 of the Dungeon)
 E - a ring of flight
   (You found it on level 5 of the Dungeon)
 P - a ring of poison resistance (left hand)
   (You found it on level 1 of the Dungeon)
Wands
 f - a wand of flame (30)
   (You took it off Terence on level 3 of the Dungeon)
 x - a wand of quicksilver (13)
   (You took it off Crazy Yiuf on level 3 of the Dungeon)
 F - a wand of roots (1)
   (You took it off Blork the orc on level 5 of the Dungeon)
Scrolls
 d - 2 scrolls of immolation {!r}
 g - 2 scrolls of blinking
 h - a scroll of summoning
 i - a scroll of identify {@r1}
 j - a scroll of noise {!r}
 k - 3 scrolls of vulnerability {!r}
 t - 4 scrolls of teleportation {@r4}
 z - a scroll of poison {unknown}
 A - a scroll of fog
 B - a scroll of fear
 D - 2 scrolls of enchant weapon
 K - a scroll of amnesia {unknown}
 T - a scroll of enchant armour {unknown}
Potions
 n - a potion of ambrosia {unknown}
 r - 2 potions of lignification {unknown}
 s - 7 potions of heal wounds {unknown}
 u - 10 potions of curing {@q1}
 v - 4 potions of mutation {unknown}
 C - a potion of magic {unknown}
 L - 2 potions of might {unknown}
 O - 2 potions of flight {unknown}
 R - 3 potions of degeneration {unknown}
 S - 3 potions of haste {unknown}


   Skills:
 + Level 8.5 Fighting
 * Level 11.4 Axes
 * Level 8.0 Ranged Weapons
 + Level 5.8 Throwing
 - Level 2.4 Armour
 - Level 2.1 Dodging


You had 9 spell levels left.
You didn't know any spells.
Your spell library was empty.

Dungeon Overview and Level Annotations

Branches:
Dungeon (9/15) Zot: 26548  Temple (0/1) D:7         Ossuary (visited)
   Lair: D:8-11         Orc: D:9-12

Altars:
Cheibriados
Fedhas
Kikubaaqudgha
Ru
Xom
The Shining One

Shops:
D:5 *(


Innate Abilities, Weirdness & Mutations

You have a pair of horns on your head.
You reflexively headbutt those who attack you in melee.
[((You are often teleported next to monsters.))]


Message History

The apocalypse crab claws you!
The apocalypse crab is engulfed in seething chaos.
The apocalypse crab barely misses you.
The apocalypse crab claws you but does no damage.
You slice the apocalypse crab!!
You kill the apocalypse crab!
Trog accepts your kill.
Your Ranged Weapons skill increases to level 8!
You start resting.
You feel yourself speed up.
You start resting.
You feel the effects of Trog's Hand fading.
You start resting.
You start resting.
You recover from your berserk rage.
You start resting.
Your skin stops crawling.
You feel less strong-willed.
The +2 executioner's axe of the Painted God {freeze, Dex+4} stops glowing.
You feel stronger.
You feel agile.
You sense an unholy aura.
b - the +10 sling of Ascent (weapon)
{drain, Will+ Str+3 Dex+2} A wretched star comes into view.
You shoot a sling bullet.
The sling bullet hits the wretched star.
You shoot a sling bullet.
The sling bullet hits the wretched star!
You shoot a sling bullet.
The sling bullet hits the wretched star.
The wretched star glows turbulently.
The lance of force misses you.
The wretched star glows turbulently.
The lance of force hits you!!
You are knocked back by the lance of force.
You slam into the rock wall!
You feel agile.
The +2 executioner's axe of the Painted God {freeze, Dex+4} glows with a cold blue light!
a - the +2 executioner's axe of the Painted God (weapon)
{freeze, Dex+4} You are too injured to fight recklessly!
The wretched star glows turbulently.
The lance of force hits you!
* * * LOW HITPOINT WARNING * * *
You are knocked back by the lance of force.
You slam into the rock wall!
* * * LOW HITPOINT WARNING * * *
The wretched star pulses with an eldritch light!
You feel weirdly uncertain.
You feel even more weirdly uncertain.
The wretched star glows turbulently.
The lance of force hits you!!
You die...

.. ..# .# #.#.#.#
. . ..##.##.##. #
.......##..#.
#.##.###.#........
#.......#..#..#.#
###.##.....# ... #
#.###@##...... #
#.....*........#
########.#......
#.##....##
#....... # #..#
....# #... . ...
..... . # .##. #


You could see a wretched star.

Vanquished Creatures
  An apocalypse crab (Abyss:1)
  Joseph (D:7)
  4 yaks (D:6)
  2 steam dragons (D:7)
  An ice beast (D:7)
  2 orc warriors
  A sky beast (D:6)
  An ogre (D:6)
  2 centaurs
  Blork the orc (D:5)
  A bullfrog (D:6)
  A kobold brigand (D:6)
  2 scorpions
  2 water moccasin zombies (Ossuary)
  11 wights
  Crazy Yiuf (D:3)
  6 orc priests
  2 gnoll boudas
  A jelly (D:6)
  7 orc wizards
  Ijyb (D:5)
  Terence (D:3)
  8 iguanas
  3 mummies
  11 adders
  9 gnolls
  A shadow imp (D:7)
  2 white imps
  3 adder zombies (Ossuary)
  3 worms
  26 orcs
  6 bats
  10 endoplasms
  2 giant cockroaches
  5 gnoll zombies (Ossuary)
  10 goblins
  12 hobgoblins
  3 kobolds
  4 quokkas
  5 ball pythons
  4 frilled lizards
  4 hobgoblin zombies (Ossuary)
  6 kobold zombies (Ossuary)
  3 orc zombies (Ossuary)
  8 rats
200 creatures vanquished.

Vanquished Creatures (others)
  A kobold (D:7)
1 creature vanquished.

Grand Total: 201 creatures vanquished

Notes
Turn   | Place    | Note
-------+----------+-------------------------------------------
     0 | D:1      | Pooter the Minotaur Berserker began the quest for the Orb.
     0 | D:1      | Reached XP level 1. HP: 19/19 MP: 0/0
   246 | D:1      | Reached skill level 4 in Axes
   283 | D:1      | Reached XP level 2. HP: 27/27 MP: 1/1
   532 | D:1      | Reached XP level 3. HP: 32/33 MP: 2/2
   962 | D:2      | Reached skill level 5 in Axes
   964 | D:2      | Reached ** piety under Trog
  1266 | D:2      | Reached XP level 4. HP: 37/41 MP: 3/3
  1582 | D:3      | Found a faded altar of an unknown god.
  1584 | D:3      | Noticed a golden eye
  1584 | D:3      | Noticed a floating eye
  1585 | D:3      | Noticed a shining eye
  1585 | D:3      | Noticed a great orb of eyes
  1997 | D:3      | Found a runed translucent door.
  1998 | D:3      | Noticed Crazy Yiuf
  2029 | D:3      | Found a glowing golden altar of the Shining One.
  2030 | D:3      | Found a shimmering altar of Xom.
  2031 | D:3      | Found an ancient bone altar of Kikubaaqudgha.
  2032 | D:3      | Found a snail-covered altar of Cheibriados.
  2110 | D:3      | Noticed Terence
  2159 | D:3      | Killed Terence
  2160 | D:3      | Reached skill level 1 in Throwing
  2235 | D:3      | Found a sacrificial altar of Ru.
  2340 | D:3      | Reached XP level 5. HP: 47/47 MP: 4/4
  2468 | D:3      | Killed Crazy Yiuf
  2469 | D:3      | Reached skill level 6 in Axes
  2607 | D:4      | Reached skill level 5 in Fighting
  2937 | D:4      | Reached XP level 6. HP: 56/56 MP: 5/5
  3619 | D:4      | Reached skill level 7 in Axes
  3742 | D:5      | Entered Level 5 of the Dungeon
  3821 | D:5      | Found Nuenyph's General Store.
  3829 | D:5      | Bought 5 atropa-tipped darts for 54 gold pieces
  3829 | D:5      | Bought a scroll of fear for 48 gold pieces
  3834 | D:5      | Noticed Ijyb
  3848 | D:5      | Killed Ijyb
  4052 | D:5      | Found Ossafadgh's Antique Weapon Shop.
  4055 | D:5      | Bought a steaming sling for 149 gold pieces
  4055 | D:5      | Identified the +10 sling of Ascent {drain, Will+ Str+3
                  | Dex+2} (You bought it in a shop on level 5 of the Dungeon)
  4521 | D:5      | Noticed Blork the orc
  4532 | D:5      | Killed Blork the orc
  4533 | D:5      | Reached skill level 1 in Ranged Weapons
  4533 | D:5      | Reached XP level 7. HP: 43/62 MP: 6/6
  4809 | D:6      | Reached skill level 8 in Axes
  5606 | D:6      | Reached XP level 8. HP: 71/71 MP: 7/7
  7143 | D:6      | Identified a scroll of acquirement
  7144 | D:6      | Acquired the +2 executioner's axe of the Painted God
                  | {freeze, Dex+4}
  7251 | D:6      | Reached skill level 9 in Axes
  7262 | D:6      | Reached skill level 5 in Ranged Weapons
  7318 | D:6      | Reached XP level 9. HP: 62/77 MP: 8/8
  7489 | D:6      | Reached skill level 10 in Axes
  7492 | D:6      | Noticed a kobold demonologist
  7605 | D:7      | Reached skill level 5 in Throwing
  7783 | D:7      | Reached *** piety under Trog
  7939 | D:7      | Found a blossoming altar of Fedhas.
  8065 | D:7      | You fall into a shaft and drop 2 floors!
  8087 | D:8      | Reached skill level 11 in Axes
  8113 | D:7      | Found a sand-covered staircase.
  8120 | Ossuary  | Entered an ossuary
  8306 | D:7      | Found a staircase to the Ecumenical Temple.
  8381 | D:7      | Noticed Joseph
  8388 | D:7      | Killed Joseph
  8388 | D:7      | Reached **** piety under Trog
  8655 | D:8      | Reached XP level 10. HP: 90/90 MP: 9/9
  8660 | Abyss:1  | Cast into level 1 of the Abyss (gnoll sergeant)
  8678 | Abyss:1  | Noticed an apocalypse crab
  8687 | Abyss:1  | Killed an apocalypse crab
  8709 | Abyss:1  | Noticed a wretched star
  8721 | Abyss:1  | Killed from afar by a wretched star

Illustrated notes

Levels and vault maps discovered:
D:1:      dpeg_cavernosity, layout_basic
D:2:      layout_basic
D:3:      layout_loops_ring, mainiacjoe_overflow_alcove_3,
          nicolae_ru_path_of_blood, hellmonk_ecumenical_altar_watching_god,
          uniq_terence, uniq_crazy_yiuf_cottage
D:4:      layout_basic, solitary_fountain
D:5:      layout_basic, serial_shops, kennysheep_mini, shop,
          guppyfry_early_lair_pool, uniq_blork_the_orc, uniq_ijyb
D:6:      layout_basic, chequers_serial_rivers_micro_d, lightli_corner_chamber
D:7:      layout_basic, fedhas_altar_2, minmay_temple_entry_drinking_statues,
          gup_ossuary_entry_pyramid, chequers_serial_rivers_room_b, uniq_joseph
D:8:      layout_loops_ring, mainiacjoe_overflow_cross_hatched, uniq_maggie,
          uniq_pikel
D:9:      layout_loops_cross, serial_shops, kennysheep_mini_moat,
          fungi_pond_lemuel, minivault_28
Abyss:1:  base: D:4, base:
D:9

Skill      XL: |  1  2  3  4  5  6  7  8  9 10 |
---------------+-------------------------------+-----
Axes           | 4 5 6 7 8 9 11 | 11.4
Fighting       | 4 5 6 7 8 |  8.5
Throwing       | 1 2 3 4 5 |  5.8
Ranged Weapons | 1 3 5 7 8 |  8.0
Armour         | |  2.4
Dodging        | |  2.1

Action                     |  1- 3 |  4- 6 |  7- 9 | 10-12 || total
---------------------------+-------+-------+-------+-------++-------
  Melee: Hand axe          |    86 |    71 |       |       ||   157
         Headbutt          |    12 |    18 |    21 |       ||    51
         War axe           |       |    54 |     6 |       ||    60
         Quarterstaff      |       |     8 |       |       ||     8
         Executioner's axe |       |       |   120 |     3 ||   123
   Fire: Sling             |       |    12 |   157 |     9 ||   178
  Throw: Dart              |     3 |       |       |       ||     3
         Boomerang         |       |     9 |     4 |       ||    13
 Invoke: Berserk           |       |     4 |     2 |     1 ||     7
         Trog's Hand       |       |     6 |     7 |     1 ||    14
    Use: Scroll            |     2 |     4 |     6 |       ||    12
 Armour: Animal skin       |     8 |       |       |       ||     8
         Scale mail        |     9 |       |       |       ||     9
         Chain mail        |     1 |    15 |       |       ||    16
         Plate armour      |       |    51 |    66 |     5 ||   122
  Dodge: Dodged            |    52 |    43 |   112 |     4 ||   211
  Block: Buckler           |     1 |     7 |     4 |       ||    12
